 Dungeon Crawl Stone Soup version 0.24.0-123-gd5b16e6ec5 (webtiles) character file.

Game seed: 15603937952239462386, levelgen mode: deterministic

10901 FishyPogo the Thaumaturge (level 11, -1/86 HPs)
             Began as a Gnoll Skald on Dec 29, 2019.
             Was a High Priest of Okawaru.
             Slain by a fire dragon (9 damage)
             ... on level 10 of the Dungeon.
             The game lasted 00:49:15 (9146 turns).

FishyPogo the Thaumaturge (Gnoll Skald)             Turns: 9146, Time: 00:49:15

Health: -1/86      AC:  7    Str: 16    XL:     11   Next: 69%
Magic:  15/23      EV: 17    Int: 16    God:    Okawaru [*****.]
Gold:   550        SH:  0    Dex: 15    Spells: 15/26 levels left

rFire    + . .     SeeInvis +   a - +7 mace of Yeast {crush, rPois SInv}
rCold    + . .     Gourm    .   (no shield)
rNeg     . . .     Faith    +   L - +2 robe {rF+}
rPois    +         Spirit   .   u - +0 hat
rElec    .         Reflect  .   (no cloak)
rCorr    .         Harm     .   (no gloves)
MR       .....                  i - +2 pair of boots
Stlth    +++.......             r - amulet of faith
HPRegen  1.24/turn              s - ring of protection from cold
MPRegen  0.18/turn              (no ring)

@: regenerating, lightly drained
A: distributed training, fangs 1, horns 1, talons 1, strong nose
a: Heroism, Finesse, Renounce Religion


You were on level 10 of the Dungeon.
You worshipped Okawaru.
Okawaru was extremely pleased with you.
You were not hungry.

You visited 2 branches of the dungeon, and saw 11 of its levels.

You collected 550 gold pieces.

Inventory:

Hand Weapons
 a - the +7 mace of Yeast (weapon) {crush, rPois SInv}
   (You found it on level 5 of the Dungeon)

   It inflicts extra damage upon your enemies.
   It protects you from poison.
   It lets you see invisible.
 b - a +0 scimitar of flaming
 I - a +1 dagger of freezing
 P - a +0 flail of protection
Missiles
 c - 323 stones
 f - 4 throwing nets
 j - 5 poisoned darts (quivered)
 n - 10 atropa-tipped darts
 x - 10 boomerangs
 Q - 3 curare-tipped darts
Armour
 i - a +2 pair of boots (worn)
 u - a +0 hat (worn)
 K - a +0 leather armour
 L - a +2 robe of fire resistance (worn)
Jewellery
 h - an uncursed amulet of guardian spirit
 k - an uncursed amulet of regeneration
 r - an amulet of faith (around neck)
 s - a ring of protection from cold (left hand)
 A - an uncursed ring of poison resistance
 E - an uncursed amulet of rage
 O - an uncursed ring of ice
Wands
 m - a wand of paralysis (8)
 p - a wand of iceblast (6)
 w - a wand of digging (9)
 z - a wand of flame (27)
 F - a wand of enslavement (10)
 N - a wand of polymorph (13)
Scrolls
 e - 8 scrolls of identify
 g - 9 scrolls of remove curse
 q - 3 scrolls of teleportation
 t - 4 scrolls of enchant weapon {unknown}
 v - 3 scrolls of blinking
 y - 2 scrolls of random uselessness {unknown}
 C - 2 scrolls of immolation {unknown}
 H - a scroll of enchant armour {unknown}
 J - a scroll of magic mapping {unknown}
 M - a scroll of fog {unknown}
 S - a scroll of vulnerability {unknown}
Potions
 l - 3 potions of lignification
 o - a potion of mutation
 B - a potion of resistance
 R - a potion of curing
Comestibles
 d - 25 rations
 D - 3 chunks of flesh


   Skills:
 + Level 8.0(7.6) Fighting
 + Level 8.0(7.6) Short Blades
 + Level 6.4(6.0) Long Blades
 + Level 6.4(6.0) Axes
 + Level 6.4(6.0) Maces & Flails
 + Level 6.4(6.0) Polearms
 + Level 6.4(6.0) Staves
 + Level 6.4(6.0) Slings
 + Level 6.4(6.0) Bows
 + Level 6.4(6.0) Crossbows
 + Level 6.4(6.0) Throwing
 + Level 7.0(6.6) Armour
 + Level 8.0(7.6) Dodging
 + Level 6.4(6.0) Stealth
 + Level 6.4(6.0) Shields
 + Level 6.4(6.0) Unarmed Combat
 + Level 8.2(7.8) Spellcasting
 + Level 5.3(4.9) Conjurations
 + Level 5.3(4.9) Hexes
 + Level 7.7(7.3) Charms
 + Level 5.3(4.9) Summonings
 + Level 5.3(4.9) Necromancy
 + Level 5.3(4.9) Translocations
 + Level 5.3(4.9) Transmutations
 + Level 5.3(4.9) Fire Magic
 + Level 5.3(4.9) Ice Magic
 + Level 5.3(4.9) Air Magic
 + Level 5.3(4.9) Earth Magic
 + Level 5.3(4.9) Poison Magic
 + Level 7.0(6.7) Invocations
 + Level 6.4(6.0) Evocations


You had 15 spell levels left.
You knew the following spells:

 Your Spells              Type           Power        Failure   Level  Hunger
h - Regeneration          Chrm/Necr      ####......   2%          3    ##.....
n - Spectral Weapon       Hex/Chrm       ####....     2%          3    ##.....
p - Shroud of Golubria    Chrm/Tloc      ####..       1%          2    None
u - Song of Slaying       Chrm           ####....     1%          2    None
y - Infusion              Chrm           ####         1%          1    None

Your spell library contained the following spells:

 Spells                   Type           Power        Failure   Level  Hunger


Dungeon Overview and Level Annotations

Branches:
Dungeon (10/15)            Temple (1/1) D:7            Lair (0/6) D:10
    Orc: D:9-12

Altars:
Ashenzari
Cheibriados
Dithmenos
Elyvilon
Fedhas
Gozag
Hepliaklqana
Kikubaaqudgha
Makhleb
Nemelex Xobeh
Okawaru
Qazlal
Ru
Sif Muna
Trog
Vehumet
Wu Jian
Xom
Yredelemnul
Zin
The Shining One

Annotations:
D:3 1 exclusion, Grinder
D:10 Nergalle


Innate Abilities, Weirdness & Mutations

Your experience applies equally to all skills.
You have very sharp teeth.
Your uncanny sense of smell can sniff out nearby items.
You have a pair of small horns on your head.
You have sharp toenails.


Message History

Your spectral weapon misses the fire dragon.
The fire dragon breathes flames at you. The blast of flame hits you!!
You resist.
Unknown command.
Casting: Spectral Weapon (safe; 2% risk of failure)
Confirm with . or Enter, or press ? or * to list all spells.
Space distorts slightly along a thin shroud covering your body.
The fire dragon bites you! The fire dragon claws you.
* * * LOW HITPOINT WARNING * * *
Your shroud falls apart!
The fire dragon closely misses you.
You sock the fire dragon!
You headbutt the fire dragon, but do no damage.
You punch the fire dragon, but do no damage.
The fire dragon is heavily wounded.
Your spectral weapon hits the fire dragon!
The fire dragon bites you!
* * * LOW HITPOINT WARNING * * *
The fire dragon claws you!
You die...

........# ######'##
........####...>...#
........'.##.......#
........#..#.......#
##############.....#
#.....# # #.....# ##
#########.....#
.#####.#.##.##.(@..#
#...###...[....#D###
####...#########.#
#.#### #.# ### #.#
###.### #.....#
#....J..# #.......#


You could see a fire dragon, a jelly and a friendly spectral +7 mace of Yeast
{crush, rPois SInv}.

Vanquished Creatures
  Harold (D:9)
  3 two-headed ogres
  Erica (D:8)
  A manticore (D:9)
  A hornet (D:6)
  A troll (D:10)
  A hippogriff (D:7)
  Sigmund (D:2)
  4 wyverns (D:10)
  A spriggan (D:7)
  A hungry ghost (D:8)
  Menkaure (D:5)
  An acid dragon (D:10)
  A floating eye (D:9)
  5 orc warriors
  An ice beast (D:6)
  A sky beast (D:8)
  3 phantoms
  A black bear (D:7)
  7 centaurs
  An ogre (D:5)
  A crocodile (D:10)
  8 bullfrogs
  A gnoll sergeant (D:7)
  A water moccasin zombie (D:9)
  2 scorpions
  5 killer bees
  5 howler monkeys
  An electric eel (D:6)
  A bullfrog zombie (D:6)
  6 crimson imps
  A quasit (D:9)
  A centaur zombie (D:9)
  6 orc priests
  7 hounds
  3 jellies
  4 bullfrog skeletons
  9 orc wizards
  A centaur skeleton (D:4)
  A gnoll shaman (D:6)
  Ijyb (D:3)
  3 iguanas
  Natasha (D:3)
  7 worker ants
  A killer bee zombie (D:8)
  A hound zombie (D:9)
  2 hound skeletons
  10 gnolls
  11 adders
  A howler monkey skeleton (D:7)
  A shadow imp (D:6)
  An ooze (D:1)
  4 adder skeletons
  An adder zombie (D:7)
  5 worms
  8 leopard geckos
  35 orcs
  7 bats
  6 giant cockroaches
  12 goblins
  13 hobgoblins
  10 kobolds
  3 quokkas
  3 ball pythons
  2 frilled lizards (D:1)
  A jackal skeleton (D:7)
  A leopard gecko skeleton (D:6)
  A leopard gecko zombie (D:6)
  A quokka skeleton (D:8)
  3 rats
258 creatures vanquished.

Vanquished Creatures (others)
  An unseen horror (D:9)
  12 spectral weapons
13 creatures vanquished.

Grand Total: 271 creatures vanquished

Notes
Turn   | Place    | Note
-------+----------+-------------------------------------------
     0 | D:1      | FishyPogo the Gnoll Skald began the quest for the Orb.
     0 | D:1      | Reached XP level 1. HP: 20/20 MP: 6/6
   165 | D:2      | Reached XP level 2. HP: 19/26 MP: 7/7
   336 | D:3      | Learned a level 2 spell: Song of Slaying
   339 | D:3      | Learned a level 2 spell: Shroud of Golubria
   377 | D:4      | Noticed a phantom
   446 | D:4      | Reached skill level 5 in Spellcasting
   446 | D:4      | Reached XP level 3. HP: 9/31 MP: 7/9
   451 | D:4      | Learned a level 3 spell: Regeneration
   455 | D:4      | Learned a level 3 spell: Spectral Weapon
   523 | D:5      | Entered Level 5 of the Dungeon
   557 | D:5      | Reached skill level 1 in Invocations
   576 | D:5      | Noticed Menkaure
   590 | D:5      | Noticed a centaur
   639 | D:5      | Noticed an ogre
   643 | D:5      | Killed an ogre
   643 | D:5      | Reached skill level 1 in Long Blades
   643 | D:5      | Reached skill level 1 in Axes
   643 | D:5      | Reached skill level 1 in Maces & Flails
   643 | D:5      | Reached skill level 1 in Polearms
   643 | D:5      | Reached skill level 1 in Staves
   643 | D:5      | Reached skill level 1 in Slings
   643 | D:5      | Reached skill level 1 in Bows
   643 | D:5      | Reached skill level 1 in Crossbows
   643 | D:5      | Reached skill level 1 in Throwing
   643 | D:5      | Reached skill level 1 in Stealth
   643 | D:5      | Reached skill level 1 in Shields
   643 | D:5      | Reached skill level 1 in Unarmed Combat
   643 | D:5      | Reached skill level 1 in Conjurations
   643 | D:5      | Reached skill level 1 in Hexes
   643 | D:5      | Reached skill level 1 in Summonings
   643 | D:5      | Reached skill level 1 in Necromancy
   643 | D:5      | Reached skill level 1 in Translocations
   643 | D:5      | Reached skill level 1 in Transmutations
   643 | D:5      | Reached skill level 1 in Fire Magic
   643 | D:5      | Reached skill level 1 in Ice Magic
   643 | D:5      | Reached skill level 1 in Air Magic
   643 | D:5      | Reached skill level 1 in Earth Magic
   643 | D:5      | Reached skill level 1 in Poison Magic
   643 | D:5      | Reached skill level 1 in Evocations
   643 | D:5      | Reached XP level 4. HP: 38/38 MP: 4/11
   643 | D:5      | Reached XP level 5. HP: 43/43 MP: 4/12
   718 | D:5      | Found a bloodstained altar of Trog.
   719 | D:5      | Found a shimmering altar of Xom.
   950 | D:4      | HP: 2/43 [phantom (4)]
   994 | D:4      | HP: 1/43 [phantom (9)]
   998 | D:4      | Gained mutation: You have sharp toenails. [potion of
                  | mutation]
   998 | D:4      | Gained mutation: You have a pair of small horns on your
                  | head. [potion of mutation]
  1048 | D:4      | Killed a phantom
  1048 | D:4      | Reached XP level 6. HP: 21/50 MP: 1/14
  1146 | D:3      | Reached skill level 5 in Fighting
  1146 | D:3      | Reached skill level 5 in Short Blades
  1146 | D:3      | Reached skill level 5 in Dodging
  1185 | D:3      | Found a sparkling altar of Nemelex Xobeh.
  1383 | D:3      | Noticed Ijyb
  1393 | D:3      | Killed Ijyb
  1596 | D:2      | Noticed Sigmund
  1605 | D:2      | Killed Sigmund
  1605 | D:2      | Reached XP level 7. HP: 56/56 MP: 10/15
  1764 | D:1      | You fall into a shaft and drop 1 floor!
  2637 | D:3      | Noticed Natasha
  2643 | D:3      | Killed Natasha
  2660 | D:3      | Noticed Grinder
  3578 | D:5      | Killed Menkaure
  3578 | D:5      | Reached XP level 8. HP: 7/63 MP: 1/16
  3966 | D:5      | Got an iridescent mace
  3989 | D:5      | Identified the +7 mace of Yeast {crush, rPois SInv} (You
                  | found it on level 5 of the Dungeon)
  4691 | D:6      | Reached XP level 9. HP: 33/69 MP: 2/18
  4941 | D:6      | Noticed a hornet
  4948 | D:6      | Killed a hornet
  5389 | D:7      | Reached skill level 5 in Armour
  5408 | D:7      | Found a staircase to the Ecumenical Temple.
  5419 | Temple   | Entered the Ecumenical Temple
  5519 | Temple   | Became a worshipper of Warmaster Okawaru
  5842 | D:7      | Reached skill level 5 in Invocations
  5951 | D:7      | Reached * piety under Okawaru
  6314 | D:8      | Reached XP level 10. HP: 33/77 MP: 16/20
  6370 | D:8      | Noticed a two-headed ogre
  6515 | D:8      | Noticed a two-headed ogre
  6556 | D:8      | Killed a two-headed ogre
  6556 | D:8      | Reached skill level 5 in Long Blades
  6556 | D:8      | Reached skill level 5 in Axes
  6556 | D:8      | Reached skill level 5 in Maces & Flails
  6556 | D:8      | Reached skill level 5 in Polearms
  6556 | D:8      | Reached skill level 5 in Staves
  6556 | D:8      | Reached skill level 5 in Slings
  6556 | D:8      | Reached skill level 5 in Bows
  6556 | D:8      | Reached skill level 5 in Crossbows
  6556 | D:8      | Reached skill level 5 in Throwing
  6556 | D:8      | Reached skill level 5 in Stealth
  6556 | D:8      | Reached skill level 5 in Shields
  6556 | D:8      | Reached skill level 5 in Unarmed Combat
  6556 | D:8      | Reached skill level 5 in Evocations
  6594 | D:8      | Reached ** piety under Okawaru
  6648 | D:8      | Killed a two-headed ogre
  6777 | D:8      | Noticed Erica
  6790 | D:8      | Killed Erica
  6790 | D:8      | Reached *** piety under Okawaru
  7115 | D:8      | Reached XP level 11. HP: 72/84 MP: 15/22
  7234 | D:9      | Noticed an unseen horror
  7260 | D:9      | Killed an unseen horror
  7284 | D:9      | Reached **** piety under Okawaru
  7371 | D:9      | Noticed a two-headed ogre
  7385 | D:9      | Killed a two-headed ogre
  7385 | D:9      | Reached skill level 5 in Conjurations
  7385 | D:9      | Reached skill level 5 in Hexes
  7385 | D:9      | Reached skill level 5 in Summonings
  7385 | D:9      | Reached skill level 5 in Necromancy
  7385 | D:9      | Reached skill level 5 in Translocations
  7385 | D:9      | Reached skill level 5 in Transmutations
  7385 | D:9      | Reached skill level 5 in Fire Magic
  7385 | D:9      | Reached skill level 5 in Ice Magic
  7385 | D:9      | Reached skill level 5 in Air Magic
  7385 | D:9      | Reached skill level 5 in Earth Magic
  7385 | D:9      | Reached skill level 5 in Poison Magic
  7649 | D:9      | Noticed a manticore
  7659 | D:9      | Killed a manticore
  7670 | D:9      | HP: 1/85 [centaur/arrow (8)]
  7676 | D:9      | HP: 2/85 [centaur (5)]
  7931 | D:9      | Noticed Harold
  7947 | D:9      | Killed Harold
  8423 | D:10     | Entered Level 10 of the Dungeon
  8877 | D:10     | Reached ***** piety under Okawaru
  8964 | D:10     | Found a staircase to the Lair.
  8972 | D:10     | Noticed Nergalle
  9126 | D:10     | Noticed a fire dragon
  9146 | D:10     | Slain by a fire dragon

Levels and vault maps discovered:
D:1:      dpeg_arrival_shrine, layout_loops_ring, chequers_serial_rivers_room_b
D:2:      layout_basic, uniq_sigmund
D:3:      layout_basic, nemelex_altar_shiori, uniq_natasha, uniq_grinder,
          uniq_ijyb
D:4:      layout_gridville, first_ration
D:5:      layout_loops_ring, minitemple, uniq_menkaure
D:6:      layout_rooms, minivault_4, grunt_potential
D:7:      layout_loops_corners, minmay_temple_entry_slanted, the_bakery
D:8:      layout_basic, uniq_erica
D:9:      layout_basic, onia_ninara_cookie, uniq_harold
D:10:     layout_roguey, erik_lair_dragon, hangedman_decor_push,
          small_statue_alley_a, uniq_nergalle
Temple:   regret_index_temple_chain_breaker

Skill      XL: |  1  2  3  4  5  6  7  8  9 10 11 |
---------------+----------------------------------+-----
Spellcasting   | 5 6 7 8 |  8.2
Invocations    | 1 2 3 4 5 6 7 |  7.0
Long Blades    | 1 2 3 4 5 6 |  6.4
Axes           | 1 2 3 4 5 6 |  6.4
Maces & Flails | 1 2 3 4 5 6 |  6.4
Polearms       | 1 2 3 4 5 6 |  6.4
Staves         | 1 2 3 4 5 6 |  6.4
Slings         | 1 2 3 4 5 6 |  6.4
Bows           | 1 2 3 4 5 6 |  6.4
Crossbows      | 1 2 3 4 5 6 |  6.4
Throwing       | 1 2 3 4 5 6 |  6.4
Stealth        | 1 2 3 4 5 6 |  6.4
Shields        | 1 2 3 4 5 6 |  6.4
Unarmed Combat | 1 2 3 4 5 6 |  6.4
Conjurations   | 1 2 3 4 5 |  5.3
Hexes          | 1 2 3 4 5 |  5.3
Summonings     | 1 2 3 4 5 |  5.3
Necromancy     | 1 2 3 4 5 |  5.3
Translocations | 1 2 3 4 5 |  5.3
Transmutations | 1 2 3 4 5 |  5.3
Fire Magic     | 1 2 3 4 5 |  5.3
Ice Magic      | 1 2 3 4 5 |  5.3
Air Magic      | 1 2 3 4 5 |  5.3
Earth Magic    | 1 2 3 4 5 |  5.3
Poison Magic   | 1 2 3 4 5 |  5.3
Evocations     | 1 2 3 4 5 6 |  6.4
Armour         | 3 4 5 6 7 |  7.0
Fighting       | 5 6 7 8 |  8.0
Short Blades   | 5 6 7 8 |  8.0
Dodging        | 5 6 7 8 |  8.0
Charms         | 6 7 |  7.7

Action                   |  1- 3 |  4- 6 |  7- 9 | 10-12 || total
-------------------------+-------+-------+-------+-------++-------
Melee: Short sword       |    25 |       |       |       ||    25
       War axe           |    19 |    69 |       |       ||    88
       Bite              |     4 |    10 |    27 |    34 ||    75
       Kick              |       |     8 |    62 |       ||    70
       Whip              |       |    22 |    99 |       ||   121
       Headbutt          |       |     5 |    41 |    68 ||   114
       Mace              |       |       |   189 |   265 ||   454
       Punch             |       |       |     4 |    11 ||    15
       Scimitar          |       |       |       |     1 ||     1
Throw: Stone             |       |    26 |     7 |     2 ||    35
       Dart              |       |       |     7 |     8 ||    15
 Cast: Shroud of Golubri |     1 |     3 |    15 |    37 ||    56
       Regeneration      |     1 |     5 |    11 |    24 ||    41
       Spectral Weapon   |     1 |     5 |    15 |    32 ||    53
       Song of Slaying   |       |       |     3 |     3 ||     6
       Infusion          |       |       |     1 |     4 ||     5
Invok: Heroism           |       |       |       |     2 ||     2
  Use: Scroll            |     4 |     1 |     3 |     2 ||    10
       Potion            |       |     3 |     2 |     2 ||     7
 Stab: Sleeping          |       |     1 |    11 |     4 ||    16
       Distracted        |       |       |       |     2 ||     2
  Eat: Chunk             |       |     4 |    25 |    13 ||    42
Armor: Leather armour    |    14 |    14 |    42 |    14 ||    84
       Robe              |       |       |       |    47 ||    47
Dodge: Dodged            |    45 |    62 |   214 |   306 ||   627
